[ AOE2 MATCH · #477201058 ]
UnrankedChinese vs Mongols
Player's team · LOSS
Rival team · WIN
[ REPLAY ANALYSIS · EXTRACTED FROM THE RECORDED GAME ]
Feudal
9:18
Castle
22:01
Imperial
—
| APM avg | 54.7 |
| APM peak | 84 |
| eAPM avg | 32.0 |
| Villagers / military | 118 / 79 |
Focus
⚔️ 36.6% · 🌾 63.4%
Archer ×52 · Monk ×7 · Battering Ram ×6 · Iron Pagoda ×5 · Spearman ×4 · Knight ×3
Feudal
8:50
Castle
19:34
Imperial
34:23
| APM avg | 59.4 |
| APM peak | 132 |
| eAPM avg | 34.4 |
| Villagers / military | 115 / 33 |
Focus
⚔️ 58.7% · 🌾 41.3%
Cavalry Archer ×18 · Knight ×6 · Mangonel ×3 · Scout Cavalry ×3 · Monk ×2 · Spearman ×1
Match map
Initial resources + every placement click. Lines = walls · curves = elevation contours. ◆ gold · ⬟ stone · ● berries · ✦ relic · ◌ wall gap
Your base· ✓ Closed at 22:01 · 60t walls · 1 gate(s)
katzzlikemeowmix's base· ✓ Closed at 19:34 · 24t walls · no gate
Smoothed initial terrain · ◌ = detected wall gap · hover for details
Inputs per minute
— 别让我遇见扫牛米玩家了 - - katzzlikemeowmix
Build order — 别让我遇见扫牛米玩家了
First 150 of 349 actions detected
| 0:12 | Research | Loom |
| 0:40 | Create | Villager (Male) |
| 0:40 | Create | Villager (Male) |
| 1:06 | Create | Villager (Male) |
| 1:07 | Create | Villager (Male) |
| 1:29 | Create | Villager (Male) |
| 1:30 | Create | Villager (Male) |
| 2:06 | Create | Villager (Male) |
| 2:06 | Create | Villager (Male) |
| 2:26 | Create | Villager (Male) |
| 2:26 | Create | Villager (Male) |
| 2:28 | Build | Lumber Camp |
| 2:38 | Create | Villager (Male) |
| 3:11 | Create | Villager (Male) |
| 3:11 | Create | Villager (Male) |
| 3:24 | Build | House |
| 3:31 | Build | House |
| 3:42 | Create | Villager (Male) |
| 3:47 | Build | House |
| 3:59 | Create | Villager (Male) |
| 4:44 | Build | Mill |
| 4:57 | Create | Villager (Male) |
| 5:16 | Create | Villager (Male) |
| 5:18 | Create | Villager (Male) |
| 5:42 | Create | Villager (Male) |
| 6:37 | Create | Villager (Male) |
| 7:08 | Research | Feudal Age |
| 7:09 | Research | Feudal Age |
| 7:22 | Build | Lumber Camp |
| 7:40 | Create | Villager (Male) |
| 8:16 | Build | Palisade Wall |
| 8:19 | Build | Palisade Wall |
| 8:32 | Build | House |
| 8:34 | Build | Palisade Wall |
| 8:39 | Build | Palisade Wall |
| 8:49 | Build | Barracks |
| 9:18 | Age | Feudal Age |
| 9:23 | Create | Villager (Male) |
| 9:40 | Build | Palisade Wall |
| 9:47 | Build | Archery Range |
| 9:48 | Create | Spearman |
| 9:49 | Create | Villager (Male) |
| 9:52 | Build | Palisade Wall |
| 10:01 | Build | Palisade Wall |
| 10:24 | Build | Farm |
| 10:25 | Build | Farm |
| 10:26 | Create | Villager (Male) |
| 10:33 | Build | Mining Camp |
| 10:34 | Create | Archer |
| 10:35 | Create | Skirmisher |
| 10:45 | Create | Villager (Male) |
| 10:47 | Research | Double-Bit Axe |
| 10:47 | Research | Double-Bit Axe |
| 11:05 | Build | Palisade Wall |
| 11:13 | Build | Farm |
| 11:13 | Create | Villager (Male) |
| 11:19 | Build | House |
| 11:30 | Create | Villager (Male) |
| 11:43 | Build | House |
| 12:03 | Build | Palisade Wall |
| 12:18 | Build | Farm |
| 12:18 | Create | Villager (Male) |
| 12:20 | Build | Palisade Wall |
| 12:27 | Build | Farm |
| 12:29 | Build | Farm |
| 12:31 | Build | Farm |
| 12:31 | Create | Villager (Male) |
| 12:47 | Build | Farm |
| 12:57 | Build | Farm |
| 12:58 | Create | Villager (Male) |
| 13:00 | Build | Palisade Gate |
| 13:11 | Create | Spearman |
| 13:12 | Create | Spearman |
| 13:14 | Create | Archer |
| 13:14 | Create | Archer |
| 13:14 | Create | Archer |
| 13:18 | Build | Farm |
| 13:20 | Build | Farm |
| 13:26 | Build | Farm |
| 13:41 | Build | House |
| 13:44 | Create | Villager (Male) |
| 13:46 | Build | House |
| 14:00 | Build | Farm |
| 14:07 | Create | Villager (Male) |
| 14:15 | Create | Spearman |
| 14:26 | Create | Archer |
| 14:26 | Create | Archer |
| 14:38 | Create | Villager (Male) |
| 14:42 | Build | House |
| 14:45 | Research | Town Watch |
| 14:46 | Research | Town Watch |
| 14:46 | Research | Town Watch |
| 14:47 | Build | House |
| 14:50 | Build | House |
| 15:10 | Create | Villager (Male) |
| 15:15 | Build | Farm |
| 15:16 | Build | Farm |
| 15:27 | Create | Villager (Male) |
| 15:32 | Build | Blacksmith |
| 15:37 | Build | House |
| 15:42 | Research | Wheelbarrow |
| 15:46 | Create | Archer |
| 15:52 | Build | Palisade Gate |
| 16:02 | Create | Villager (Male) |
| 16:19 | Research | Fletching |
| 16:19 | Research | Padded Archer Armor |
| 16:22 | Create | Villager (Male) |
| 16:34 | Build | Stable |
| 16:50 | Create | Archer |
| 16:50 | Create | Archer |
| 16:50 | Create | Archer |
| 17:27 | Create | Villager (Male) |
| 17:52 | Create | Villager (Male) |
| 18:19 | Build | House |
| 18:20 | Build | House |
| 18:23 | Build | House |
| 18:27 | Build | House |
| 18:28 | Build | House |
| 18:34 | Create | Archer |
| 18:35 | Create | Villager (Male) |
| 18:42 | Build | Watch Tower |
| 18:42 | Create | Villager (Male) |
| 18:44 | Build | House |
| 18:45 | Build | Palisade Wall |
| 18:46 | Build | Palisade Wall |
| 18:47 | Build | Palisade Wall |
| 18:51 | Build | House |
| 18:53 | Build | House |
| 18:54 | Build | House |
| 19:09 | Research | Castle Age |
| 19:09 | Research | Castle Age |
| 19:19 | Build | Archery Range |
| 19:20 | Build | Palisade Wall |
| 19:24 | Research | Horse Collar |
| 19:27 | Research | Gold Mining |
| 19:27 | Research | Gold Mining |
| 19:33 | Build | House |
| 19:50 | Build | Palisade Wall |
| 19:51 | Build | Palisade Wall |
| 19:51 | Build | Palisade Wall |
| 20:04 | Build | Mining Camp |
| 20:12 | Build | House |
| 20:13 | Build | House |
| 20:16 | Research | Padded Archer Armor |
| 20:16 | Research | Padded Archer Armor |
| 20:17 | Create | Archer |
| 20:17 | Create | Archer |
| 20:30 | Build | House |
| 20:31 | Build | House |
| 20:33 | Build | House |
Build order — katzzlikemeowmix
First 150 of 260 actions detected
| 0:00 | Create | Villager (Male) |
| 0:01 | Build | House |
| 0:02 | Build | House |
| 0:06 | Create | Villager (Male) |
| 0:08 | Create | Villager (Male) |
| 0:10 | Create | Villager (Male) |
| 1:21 | Create | Villager (Male) |
| 1:58 | Create | Villager (Male) |
| 2:06 | Create | Villager (Male) |
| 2:31 | Create | Villager (Male) |
| 2:31 | Create | Villager (Male) |
| 2:58 | Create | Villager (Male) |
| 3:05 | Create | Villager (Male) |
| 3:44 | Build | House |
| 3:46 | Create | Villager (Male) |
| 4:12 | Build | House |
| 4:20 | Build | Lumber Camp |
| 4:28 | Create | Villager (Male) |
| 5:11 | Create | Villager (Male) |
| 5:29 | Build | House |
| 5:42 | Create | Villager (Male) |
| 5:45 | Research | Loom |
| 6:15 | Build | Mill |
| 6:39 | Research | Feudal Age |
| 7:19 | Build | Barracks |
| 7:43 | Create | Villager (Male) |
| 7:48 | Build | Palisade Wall |
| 8:13 | Build | Palisade Wall |
| 8:21 | Create | Villager (Male) |
| 8:50 | Age | Feudal Age |
| 8:54 | Build | Stable |
| 9:00 | Research | Double-Bit Axe |
| 9:04 | Create | Villager (Male) |
| 9:28 | Create | Villager (Male) |
| 9:38 | Create | Scout Cavalry |
| 9:38 | Create | Scout Cavalry |
| 9:40 | Create | Spearman |
| 9:50 | Build | House |
| 10:03 | Create | Villager (Male) |
| 10:05 | Create | Scout Cavalry |
| 10:17 | Research | Horse Collar |
| 10:21 | Build | Farm |
| 10:23 | Build | Farm |
| 10:25 | Build | Farm |
| 10:40 | Create | Villager (Male) |
| 10:43 | Build | Farm |
| 10:49 | Build | House |
| 11:05 | Build | Farm |
| 11:06 | Build | Farm |
| 11:08 | Create | Villager (Male) |
| 11:34 | Create | Villager (Male) |
| 11:47 | Create | Villager (Male) |
| 11:56 | Build | Farm |
| 11:57 | Build | Farm |
| 12:18 | Create | Villager (Male) |
| 12:21 | Build | Archery Range |
| 12:26 | Create | Villager (Male) |
| 12:28 | Build | House |
| 12:36 | Build | Farm |
| 12:37 | Build | Farm |
| 12:49 | Build | Farm |
| 12:54 | Build | Farm |
| 13:04 | Create | Villager (Male) |
| 13:12 | Build | Farm |
| 13:18 | Build | Farm |
| 13:55 | Create | Villager (Male) |
| 14:01 | Build | Mining Camp |
| 14:14 | Create | Villager (Male) |
| 14:17 | Build | Blacksmith |
| 14:21 | Create | Villager (Male) |
| 14:45 | Research | Wheelbarrow |
| 14:50 | Build | Farm |
| 14:53 | Build | Farm |
| 14:59 | Build | House |
| 15:00 | Create | Villager (Male) |
| 15:13 | Build | House |
| 15:14 | Build | House |
| 15:15 | Build | Palisade Wall |
| 15:16 | Build | Palisade Wall |
| 15:23 | Build | Palisade Wall |
| 15:38 | Build | Palisade Wall |
| 16:25 | Build | Lumber Camp |
| 16:54 | Research | Castle Age |
| 17:00 | Build | House |
| 17:14 | Create | Villager (Male) |
| 17:35 | Build | Stable |
| 17:37 | Create | Villager (Male) |
| 17:53 | Build | House |
| 17:56 | Build | House |
| 18:07 | Research | Bloodlines |
| 18:10 | Build | House |
| 18:11 | Build | House |
| 18:14 | Build | House |
| 18:20 | Research | Scale Barding Armor |
| 18:39 | Build | House |
| 18:50 | Research | Forging |
| 19:34 | Age | Castle Age |
| 19:36 | Create | Knight |
| 19:37 | Create | Knight |
| 19:38 | Research | Chain Barding Armor |
| 19:38 | Create | Villager (Male) |
| 19:52 | Research | Bow Saw |
| 20:02 | Create | Knight |
| 20:15 | Create | Knight |
| 20:16 | Create | Villager (Male) |
| 20:29 | Create | Villager (Male) |
| 20:40 | Create | Knight |
| 21:03 | Research | Husbandry |
| 21:04 | Create | Villager (Male) |
| 21:14 | Create | Villager (Male) |
| 21:27 | Create | Knight |
| 21:28 | Create | Villager (Male) |
| 21:33 | Build | Town Center |
| 21:42 | Build | Monastery |
| 21:44 | Create | Villager (Male) |
| 22:11 | Create | Villager (Male) |
| 22:13 | Build | House |
| 22:37 | Create | Villager (Male) |
| 22:43 | Build | Town Center |
| 22:46 | Create | Villager (Male) |
| 22:55 | Create | Cavalry Archer |
| 22:56 | Create | Villager (Male) |
| 22:57 | Research | Fletching |
| 22:59 | Create | Villager (Male) |
| 23:14 | Create | Villager (Male) |
| 23:19 | Build | Archery Range |
| 23:28 | Create | Cavalry Archer |
| 23:28 | Create | Cavalry Archer |
| 23:29 | Create | Villager (Male) |
| 23:29 | Create | Villager (Male) |
| 23:30 | Create | Villager (Male) |
| 23:38 | Research | Heavy Plow |
| 23:42 | Create | Cavalry Archer |
| 23:42 | Create | Cavalry Archer |
| 23:45 | Create | Villager (Male) ×2 |
| 23:52 | Create | Villager (Male) |
| 24:00 | Create | Cavalry Archer |
| 24:00 | Create | Cavalry Archer |
| 24:05 | Build | Archery Range |
| 24:09 | Create | Villager (Male) |
| 24:27 | Create | Villager (Male) |
| 24:28 | Build | Farm |
| 24:30 | Build | Farm |
| 24:30 | Build | Farm |
| 24:32 | Build | Farm |
| 24:33 | Build | Farm |
| 24:36 | Create | Villager (Male) |
| 24:38 | Create | Cavalry Archer |
| 24:42 | Create | Villager (Male) |
| 24:45 | Create | Monk |
Match timeline
| 7:19 | katzzlikemeowmix · first_building Barracks |
| 7:48 | katzzlikemeowmix · wall_segment Palisade Wall x1 |
| 8:13 | katzzlikemeowmix · wall_segment Palisade Wall x1 |
| 8:16 | 别让我遇见扫牛米玩家了 · wall_segment Palisade Wall x5 |
| 8:19 | 别让我遇见扫牛米玩家了 · wall_segment Palisade Wall x12 |
| 8:34 | 别让我遇见扫牛米玩家了 · wall_segment Palisade Wall x1 |
| 8:39 | 别让我遇见扫牛米玩家了 · wall_segment Palisade Wall x6 |
| 8:49 | 别让我遇见扫牛米玩家了 · first_building Barracks |
| 8:50 | katzzlikemeowmix · age_up feudal |
| 8:54 | katzzlikemeowmix · first_building Stable |
| 9:18 | 别让我遇见扫牛米玩家了 · age_up feudal |
| 9:40 | 别让我遇见扫牛米玩家了 · wall_segment Palisade Wall x5 |
| 9:47 | 别让我遇见扫牛米玩家了 · first_building Archery Range |
| 9:52 | 别让我遇见扫牛米玩家了 · wall_segment Palisade Wall x1 |
| 10:01 | 别让我遇见扫牛米玩家了 · wall_segment Palisade Wall x12 |
| 11:05 | 别让我遇见扫牛米玩家了 · wall_segment Palisade Wall x5 |
| 12:03 | 别让我遇见扫牛米玩家了 · wall_segment Palisade Wall x1 |
| 12:20 | 别让我遇见扫牛米玩家了 · wall_segment Palisade Wall x1 |
| 12:21 | katzzlikemeowmix · first_building Archery Range |
| 15:15 | katzzlikemeowmix · wall_segment Palisade Wall x1 |
| 15:16 | katzzlikemeowmix · wall_segment Palisade Wall x2 |
| 15:23 | katzzlikemeowmix · wall_segment Palisade Wall x6 |
| 15:38 | katzzlikemeowmix · wall_segment Palisade Wall x13 |
| 16:34 | 别让我遇见扫牛米玩家了 · first_building Stable |
| 18:45 | 别让我遇见扫牛米玩家了 · wall_segment Palisade Wall x3 |
| 18:46 | 别让我遇见扫牛米玩家了 · wall_segment Palisade Wall x3 |
| 18:47 | 别让我遇见扫牛米玩家了 · wall_segment Palisade Wall x2 |
| 19:20 | 别让我遇见扫牛米玩家了 · wall_segment Palisade Wall x1 |
| 19:34 | katzzlikemeowmix · age_up castle |
| 19:50 | 别让我遇见扫牛米玩家了 · wall_segment Palisade Wall x1 |
| 19:51 | 别让我遇见扫牛米玩家了 · wall_segment Palisade Wall x1 |
| 19:51 | 别让我遇见扫牛米玩家了 · wall_segment Palisade Wall x1 |
| 21:42 | katzzlikemeowmix · first_building Monastery |
| 22:01 | 别让我遇见扫牛米玩家了 · age_up castle |
| 24:01 | 别让我遇见扫牛米玩家了 · first_building Monastery |
| 25:06 | 别让我遇见扫牛米玩家了 · wall_segment Palisade Wall x1 |
| 27:27 | katzzlikemeowmix · first_building Siege Workshop |
| 27:31 | 别让我遇见扫牛米玩家了 · first_building Siege Workshop |
| 29:40 | 别让我遇见扫牛米玩家了 · first_building Castle |
| 30:36 | 别让我遇见扫牛米玩家了 · wall_segment Palisade Wall x1 |
| 31:12 | katzzlikemeowmix · first_market_sell 100 wood |
| 31:13 | katzzlikemeowmix · first_market_buy 100 food |
| 34:23 | katzzlikemeowmix · age_up imperial |
| 34:30 | 别让我遇见扫牛米玩家了 · resign |
[ AI ANALYSIS · 1 CREDIT ]
What really happened in this match?
Wolo.gg analyzes every decision: build order, eco, micro, common mistakes by bracket. Personalized analysis on WhatsApp or Discord in 30 seconds.
Civ guide
Chinese
Perfil
Jugador #25033608